 Dungeon Crawl Stone Soup version 0.29-a0-356-g7bc237e783 (webtiles) character file.

Game seed: 16142588488065641178

14681 spaghetti the Thrower (level 11, -1/130 HPs)
             Began as a Demonspawn Berserker on Apr 26, 2022.
             Was a Priest of Trog.
             Slain by a yak (8 damage)
             ... led by a torpor snail
             ... on level 2 of the Lair of Beasts.
             The game lasted 00:20:05 (14250 turns).

spaghetti the Thrower (Demonspawn Berserker)       Turns: 14250, Time: 00:20:05

Health: -1/130     AC:  9    Str: 19    XL:     11   Next: 91%
Magic:  11/11      EV: 22    Int: 10    God:    Trog [***...]
Gold:   610        SH:  0    Dex: 14    Spells: 10/10 levels left

rFire   . . .      SeeInvis .   Q - +2 whip (elec) {mace}
rCold   + . .      Faith    +   (no shield)
rNeg    . . .      Spirit   .   B - +3 leather armour of Day {*Slow rC+ Slay+2}
rPois   .          Reflect  .   V - +0 helmet
rElec   .          Harm     .   (no cloak)
rCorr   .          Rampage  .   (no gloves)
Will    ++...                   (no boots)
Stlth   ..........              Y - amulet of faith {!P}
HPRegen 1.31/turn               C - +4 ring of evasion
MPRegen 0.12/turn               Z - +4 ring of evasion

@: mighty, berserking (expiring), strong-willed, regenerating, very quick
A: powered by pain 3, sharp scales 2, demonic touch 2
a: Renounce Religion, Berserk, Trog's Hand


You were on level 2 of the Lair of Beasts.
You worshipped Trog.
Trog was most pleased with you.
You visited 2 branches of the dungeon, and saw 11 of its levels.
You also visited: Ossuary.

You collected 610 gold pieces.


Innate Abilities, Weirdness & Mutations

You are powered by pain.
You are mostly covered in razor-sharp scales. (AC +2, Slay +2)
Your touch may inflict irresistible damage on your foes.


   Skills:
 + Level 8.5 Fighting
 - Level 2.9 Polearms
 * Level 12.1 Throwing
 - Level 5.2 Armour
 + Level 6.6 Dodging
 - Level 8.0 Evocations


You had 10 spell levels left.
You didn't know any spells.
Your spell library contained the following spells:

 Spells                   Type           Power      Damage    Failure   Level
 Magic Dart               Conj           0%         1d3       41%         1
 Call Imp                 Summ           0%         N/A       54%         2
 Inner Flame              Hex/Fire       0%         N/A       78%         3
 Mephitic Cloud           Conj/Pois/Air  0%         N/A       78%         3
 Tukima's Dance           Hex            0%         N/A       78%         3
 Anguish                  Hex/Necr       0%         N/A       99%         4
 Cause Fear               Hex            0%         N/A       99%         4
 Enfeeble                 Hex            0%         N/A       100%        7
 Discord                  Hex            0%         N/A       100%        8

Inventory:

Hand Weapons
 g - a +1 whip of draining {mace}
   (You took it off a kobold on level 1 of the Dungeon)
 K - a +3 whip {mace}
   (You took it off an orc on level 5 of the Dungeon)
 Q - a +2 whip of electrocution (weapon) {mace}
   (You took it off Pikel on level 6 of the Dungeon)
Missiles
 d - 347 stones (quivered) {throwing}
 v - 24 poisoned darts {throwing}
 A - 12 boomerangs {throwing}
 D - a throwing net {=f!fthrowing}
 H - 4 silver boomerangs {throwing}
 T - 3 curare-tipped darts {=fthrowing}
 W - a boomerang of dispersal {=f!fthrowing}
Armour
 B - the +3 leather armour of Day (worn) {*Slow rC+ Slay+2}
   (You found it on level 3 of the Dungeon)

   Slay:      It affects your accuracy & damage with ranged weapons and melee
   (+2).
   rC:        It protects you from cold.
   *Slow:     It may slow you when you take damage.
 V - a +0 helmet (worn)
   (You found it on level 7 of the Dungeon)
Jewellery
 C - a +4 ring of evasion (left hand)
   (You found it on level 4 of the Dungeon)
 Y - an amulet of faith (around neck) {!P}
   (You found it on level 9 of the Dungeon)
 Z - a +4 ring of evasion (right hand)
   (You took it off a wight on level 9 of the Dungeon)
Wands
 m - a wand of polymorph (36)
   (You took it off Terence on level 2 of the Dungeon)
 w - a wand of iceblast (12)
   (You found it on level 3 of the Dungeon)
 y - a wand of paralysis (15)
   (You found it on level 3 of the Dungeon)
 R - a wand of flame (32)
   (You found it on level 6 of the Dungeon)
Scrolls
 a - a scroll of summoning
 e - 3 scrolls of vulnerability {!r!r}
 f - 4 scrolls of teleportation {@r4}
 h - a scroll of magic mapping {!r}
 n - 3 scrolls of enchant armour
 o - 2 scrolls of immolation {!r!r}
 r - 4 scrolls of fear
Potions
 c - 9 potions of curing {@q1}
 l - a potion of flight
 p - a potion of ambrosia
 q - 3 potions of magic {unknown}
 s - 6 potions of might {unknown}
 u - 6 potions of heal wounds {unknown}
 x - 2 potions of berserk rage {unknown}
 z - 3 potions of attraction {unknown}
 E - a potion of mutation {unknown}
 I - 2 potions of cancellation {unknown}
 J - a potion of brilliance {unknown}
 L - 2 potions of haste {unknown}
 O - 2 potions of lignification {unknown}

Dungeon Overview and Level Annotations

Branches:
Dungeon (9/15)             Temple (0/1) D:6            Lair (2/6) D:9
 Shoals (0/4) Lair:2      Ossuary (visited)
  Snake: Lair:2-4    Spider: Lair:2-4       Orc: D:9-12

Altars:

Annotations:
Lair:1 1 exclusion
Lair:2 Gastronok

........รท......# .
#..............## . .#(
##..............###.
.w(##P.....<........#...
....##..............#..#
....(P................#
......Y...............#
......SDY............##
.##@............##
##.........P...#
#...........###
##......#....# #.#โ€
.###...## ####.###..##
..###P#.##.....# #
..............P## #
.#............รท.## #


You could see Gastronok, a four-headed hydra, 2 yaks and a water moccasin.


Message History

You are too injured to fight recklessly!
You are too injured to fight recklessly!
You are too injured to fight recklessly!
You are too injured to fight recklessly!
You are too injured to fight recklessly!
You are too injured to fight recklessly!
You are too injured to fight recklessly!
You are too injured to fight recklessly!
You are too injured to fight recklessly!
You are too injured to fight recklessly!
You are too injured to fight recklessly!
You are too injured to fight recklessly!
Unknown command.
You whack the yak! Lightning courses through the yak!
A four-headed hydra comes into view.
The yak gores you. The yak completely misses you.
The yak gores you but does no damage. The yak closely misses you.
A water moccasin comes into view. ๐Ÿ˜• HP[-5]
You take 5 damage, and now have 71/87 hp.
The water moccasin hisses angrily.
The four-headed hydra roars!
You hit the yak. The yak completely misses you.
Your skin crawls.
You feel strong-willed.
You can no longer call in reinforcements.
The yak gores you. The yak misses you.
The torpor snail bites you! ๐Ÿ˜ฎ HP[-14]
You take 14 damage, and now have 57/87 hp.
Unknown command.
A red film seems to cover your vision as you go berserk!
You feel yourself moving faster!
You feel mighty! The yak gores you! The yak barely misses you.
The yak gores you but does no damage.
The torpor snail closely misses you. ๐Ÿ˜ฎ HP[+19]
You now have 130 max hp (+43).
You regained 19 hp, and now have 76/130 hp.
You whack the yak!
You feel the power of Trog in you as your rage grows.
You kill the yak!
Trog accepts your kill. The yak gores you! The yak misses you.
The torpor snail bites you but does no damage.
The yak completely misses you. The yak gores you.
* * * LOW HITPOINT WARNING * * *
๐Ÿ˜จ HP[-15]
You take 15 damage, and now have 61/130 hp.
You hit the yak. Lightning courses through the yak! The yak closely misses you.
The yak misses you. ๐Ÿ˜จ HP[+1]
You closely miss the yak. The torpor snail bites you!
* * * LOW HITPOINT WARNING * * *
The yak barely misses you.
The yak completely misses you. ๐Ÿ˜จ HP[-7]
You take 7 damage, and now have 55/130 hp.
You whack the torpor snail!
Lightning courses through the torpor snail!
You touch the torpor snail.
The torpor snail barely misses you. The yak closely misses you.
The yak gores you!
* * * LOW HITPOINT WARNING * * *
Gastronok the Ponderous comes into view.
He is wearing a +2 hat of see invisible. ๐Ÿ˜จ HP[-7]
You take 7 damage, and now have 48/130 hp.
Unknown command.
Gastronok gurgles horribly!
You hit the torpor snail but do no damage.
The yak barely misses you. The torpor snail bites you!!
* * * LOW HITPOINT WARNING * * *
๐Ÿ˜ฑ HP[-16]
You take 16 damage, and now have 32/130 hp.
You whack the torpor snail! The yak gores you but does no damage.
The torpor snail bites you!
* * * LOW HITPOINT WARNING * * *
๐Ÿ˜ฑ HP[-8]
You take 8 damage, and now have 24/130 hp.
Unknown command.
You whack the torpor snail!
Lightning courses through the torpor snail!
The four-headed hydra misses you. The four-headed hydra bites you.
* * * LOW HITPOINT WARNING * * *
The four-headed hydra misses you.
The four-headed hydra completely misses you.
The yak gores you!
* * * LOW HITPOINT WARNING * * *
You focus on the pain.
You feel very mighty all of a sudden. The four-headed hydra bites you.
* * * LOW HITPOINT WARNING * * *
The four-headed hydra barely misses you.
The four-headed hydra closely misses you.
The four-headed hydra bites you but does no damage. ๐Ÿ˜ฑ HP[-18]
You take 18 damage, and now have 6/130 hp.
Unknown command.
You hit the torpor snail.
Lightning courses through the torpor snail!
You kill the torpor snail!
Trog accepts your kill.
You feel yourself speed up. The yak gores you!
You die...

Skill      XL: |  1  2  3  4  5  6  7  8  9 10 11 |
---------------+----------------------------------+-----
Armour         | 2 3 4 5 |  5.2
Throwing       | 3 4 6 8 10 12 | 12.1
Evocations     | 2 3 5 6 7 8 |  8.0
Dodging        | 3 4 5 6 |  6.6
Fighting       | 5 6 8 |  8.5
Polearms       | |  2.9

Action                   |  1- 3 |  4- 6 |  7- 9 | 10-12 || total
-------------------------+-------+-------+-------+-------++-------
Melee: Spear             |    43 |    15 |   314 |       ||   372
       Whip              |    27 |   123 |    86 |   308 ||   544
       Unarmed           |    10 |       |       |       ||    10
       Punch             |       |     2 |     4 |     1 ||     7
       Touch             |       |       |    43 |    58 ||   101
Throw: Stone             |    14 |    19 |    76 |   128 ||   237
Invok: Berserk           |     1 |     2 |     6 |    13 ||    22
       Trog's Hand       |       |       |     2 |     8 ||    10
  Use: Potion            |       |     2 |       |     3 ||     5
       Scroll            |       |     1 |    11 |     2 ||    14
 Stab: Sleeping          |     2 |       |     1 |       ||     3
       Fleeing           |       |       |     1 |       ||     1
Armor: Animal skin       |     5 |    12 |       |       ||    17
       Chain mail        |       |    71 |       |       ||    71
       Leather armour    |       |     2 |    66 |    61 ||   129
Dodge: Dodged            |    40 |    80 |   268 |   358 ||   746

Levels and vault maps discovered:
D:1:      minmay_arrival_checkered_box, layout_rooms
D:2:      layout_loops_corners, uniq_terence
D:3:      layout_basic, hellmonk_ecumenical_altar_dog_temple, kennysheep_nub,
          amcnicky_mini_rare_corridor_liquid, st_stairs_4, minmay_hedge_maze,
          grunt_ministairs_10, minmay_tree_intersection, minivault_19,
          kennysheep_generic_room_16
D:4:      layout_basic, uniq_grinder
D:5:      layout_basic, nicolae_ossuary_entry_false_entrances
D:6:      layout_loops_ring, minmay_temple_entry_ruins,
          minmay_misc_feat_enclosed, serial_park_tiny_pond,
          hangedman_decor_opposing, uniq_pikel
D:7:      layout_cave_pods, uniq_maggie, uniq_menkaure
D:8:      layout_cave_pods, uniq_psyche, uniq_erica
D:9:      minmay_klotski, layout_small_grid, lair_entry_dummy,
          corexii_hall_statues_l
Lair:1:   layout_loops_ring, enter_volcano_2, serial_bayou_lake_a, uniq_fannar
Lair:2:   cheibrodos_lair_river_kwai, layout_cave_pods,
          minmay_shoals_entry_beasts, nicolae_lair_grazing_beasts
          [nicolae_sub_lair_graze_edge, nicolae_sub_lair_graze_edge,
          nicolae_sub_lair_graze_edge, nicolae_sub_lair_graze_edge],
          uniq_gastronok

Notes
Turn   | Place    | Note
-------+----------+-------------------------------------------
     0 | D:1      | spaghetti the Demonspawn Berserker began the quest for the
                  | Orb.
     0 | D:1      | Reached XP level 1. HP: 18/18 MP: 1/1
     0 | D:1      | magus.rc [v1.9.6]
   178 | D:1      | Reached skill level 2 in Armour
   212 | D:1      | Gained mutation: You are partially covered in razor-sharp
                  | scales. (AC +1, Slay +1) [demonic ancestry]
   212 | D:1      | Reached XP level 2. HP: 24/24 MP: 2/2
   822 | D:2      | Noticed Terence
   842 | D:2      | Killed Terence
   843 | D:2      | Reached skill level 3 in Armour
   843 | D:2      | Gained mutation: You are mostly covered in razor-sharp
                  | scales. (AC +2, Slay +2) [demonic ancestry]
   843 | D:2      | Reached XP level 3. HP: 29/29 MP: 3/3
   932 | D:2      | Reached ** piety under Trog
  1082 | D:2      | Reached XP level 4. HP: 35/35 MP: 4/4
  1124 | D:2      | Reached skill level 4 in Armour
  2190 | D:3      | Reached XP level 5. HP: 41/41 MP: 5/5
  2436 | D:3      | Reached skill level 1 in Throwing
  2436 | D:3      | Reached skill level 1 in Evocations
  2635 | D:3      | Found a faded altar of an unknown god.
  2925 | D:3      | Identified the +3 leather armour of Day {*Slow rC+ Slay+2}
  3157 | D:4      | Noticed Grinder
  3171 | D:4      | Killed Grinder
  3172 | D:4      | Reached skill level 3 in Throwing
  3172 | D:4      | Reached skill level 5 in Armour
  3172 | D:4      | Reached skill level 2 in Evocations
  3172 | D:4      | Reached XP level 6. HP: 40/47 MP: 6/6
  3342 | D:4      | Gained mutation: You sometimes gain a little power by
                  | taking damage. [demonic ancestry]
  3342 | D:4      | Reached XP level 7. HP: 48/52 MP: 7/7
  3538 | D:4      | Reached skill level 2 in Dodging
  4018 | D:5      | Entered Level 5 of the Dungeon
  4210 | D:5      | Reached skill level 4 in Throwing
  4210 | D:5      | Reached skill level 3 in Evocations
  4345 | D:5      | Found a sand-covered staircase.
  4353 | Ossuary  | Entered an ossuary
  4368 | Ossuary  | Reached *** piety under Trog
  4724 | Ossuary  | Reached skill level 3 in Dodging
  4724 | Ossuary  | Gained mutation: Your touch may inflict minor irresistible
                  | damage on your foes. [demonic ancestry]
  4724 | Ossuary  | Reached XP level 8. HP: 58/58 MP: 8/8
  4733 | Ossuary  | Reached skill level 5 in Throwing
  4783 | Ossuary  | Reached skill level 4 in Evocations
  5204 | Ossuary  | Reached skill level 6 in Throwing
  5269 | Ossuary  | Reached skill level 4 in Dodging
  6334 | D:6      | Noticed Pikel
  6368 | D:6      | Killed Pikel
  6369 | D:6      | Reached skill level 5 in Evocations
  6369 | D:6      | Gained mutation: Your touch may inflict irresistible damage
                  | on your foes. [demonic ancestry]
  6369 | D:6      | Reached XP level 9. HP: 65/65 MP: 9/9
  6531 | D:6      | Found a staircase to the Ecumenical Temple.
  6683 | D:6      | Reached skill level 7 in Throwing
  6807 | D:6      | Reached skill level 4 in Fighting
  7022 | D:6      | You pick up a book of Maledictions {forbidden} and begin
                  | reading...
  7022 | D:6      | You add the spells Tukima's Dance, Anguish and Enfeeble to
                  | your library.
  7433 | D:7      | Reached skill level 5 in Dodging
  7476 | D:7      | Reached **** piety under Trog
  7855 | D:7      | Noticed Maggie
  7875 | D:7      | Killed Maggie
  7876 | D:7      | Reached skill level 8 in Throwing
  7876 | D:7      | Reached skill level 6 in Evocations
  7884 | D:7      | Reached skill level 5 in Fighting
  8019 | D:7      | Noticed a two-headed ogre
  8032 | D:7      | Killed a two-headed ogre
  8033 | D:7      | Gained mutation: You sometimes gain power by taking damage.
                  | [demonic ancestry]
  8033 | D:7      | Reached XP level 10. HP: 71/74 MP: 10/10
  8489 | D:7      | You fall into a shaft and drop 1 floor!
  8891 | D:8      | Noticed Erica
  9028 | D:8      | Killed Erica
  9029 | D:8      | Reached skill level 9 in Throwing
  9029 | D:8      | Reached skill level 6 in Dodging
  9244 | D:8      | Reached skill level 7 in Evocations
  9249 | D:8      | Noticed Psyche
  9256 | D:8      | Reached skill level 6 in Fighting
  9262 | D:8      | Killed Psyche
  9608 | D:8      | Reached skill level 10 in Throwing
 10288 | D:9      | Gained mutation: You are powered by pain. [demonic
                  | ancestry]
 10288 | D:9      | Reached XP level 11. HP: 83/83 MP: 11/11
 10521 | D:9      | Found a staircase to the Lair.
 10944 | Lair:1   | Entered Level 1 of the Lair of Beasts
 10948 | Lair:1   | You pick up a book of Hexes {forbidden} and begin
                  | reading...
 10948 | Lair:1   | You add the spells Inner Flame, Cause Fear and Discord to
                  | your library.
 11011 | Lair:1   | Reached skill level 7 in Fighting
 11012 | Lair:1   | Reached skill level 8 in Evocations
 11496 | Lair:1   | Reached skill level 11 in Throwing
 11765 | Lair:1   | HP: 14/85 [cane toad (17)]
 12090 | Lair:1   | Noticed Fannar
 12104 | Lair:1   | Killed Fannar
 12245 | Lair:1   | Reached skill level 8 in Fighting
 13412 | Lair:2   | Found a staircase to the Shoals.
 13915 | Lair:2   | HP: 19/87 [poisoned by a black mamba]
 13915 | Lair:2   | HP: 6/87 [black mamba (13)]
 13921 | Lair:2   | HP: 17/87 [black mamba (5)]
 14162 | Lair:2   | You pick up a book of Minor Magic {forbidden} and begin
                  | reading...
 14162 | Lair:2   | You add the spells Magic Dart, Call Imp and Mephitic Cloud
                  | to your library.
 14219 | Lair:2   | Reached skill level 12 in Throwing
 14239 | Lair:2   | Noticed a four-headed hydra
 14246 | Lair:2   | Noticed Gastronok
 14247 | Lair:2   | HP: 32/130 [torpor snail (18)]
 14249 | Lair:2   | HP: 10/130 [yak[a torpor snail] (14)]
 14250 | Lair:2   | Slain by a yak

Vanquished Creatures
  Fannar (Lair:1)
  Erica (D:8)
  A two-headed ogre (D:7)
  Pikel (D:6)
  A manticore (Lair:2)
  A black mamba (Lair:2)
  A torpor snail (Lair:2)
  7 cane toads
  Maggie (D:7)
  A komodo dragon (Lair:1)
  2 hornets
  A wind drake (Lair:2)
  A polar bear (Lair:1)
  5 blink frogs (Lair:1)
  Grinder (D:4)
  4 wyverns
  13 yaks
  A steam dragon (D:8)
  3 acid dragons
  2 hornet zombies (Ossuary)
  A sky beast (D:7)
  An ice beast (D:7)
  2 black bears
  A centaur (D:9)
  2 phantoms (D:5)
  A kobold brigand (D:8)
  2 wyvern zombies (Ossuary)
  3 bullfrogs
  2 necrophages
  2 gnoll sergeants
  3 scorpions
  3 wights (D:9)
  3 howler monkeys
  2 electric eels (Lair:1)
  6 bullfrog zombies (Ossuary)
  2 centaur zombies (Ossuary)
  5 orc priests
  2 hounds
  3 jellies
  A gnoll shaman (D:6)
  3 iguanas
  6 orc wizards
  Terence (D:2)
  3 killer bee zombies (Ossuary)
  12 mummies (Ossuary)
  3 howler monkey zombies (Ossuary)
  3 adders
  13 gnolls
  A shadow imp (D:4)
  3 white imps (D:5)
  4 dart slugs
  29 orcs
  7 endoplasms
  3 giant cockroaches
  8 goblins
  5 hobgoblins
  3 jackals (D:3)
  2 quokkas
  2 ball pythons (D:1)
  4 bats
  2 frilled lizards
  19 kobolds
232 creatures vanquished.

Vanquished Creatures (collateral kills)
  Psyche (D:8)
  5 yaks (D:8)
  A bullfrog (D:8)
7 creatures vanquished.

Vanquished Creatures (others)
  A fungus (Lair:1)
  3 plants (Lair:1)
  8 withered plants (Ossuary)
12 creatures vanquished.

Grand Total: 251 creatures vanquished

Table legend:
 A = Non-vault XP
 B = Vault XP
 C = Vault XP percentage of total XP
 D = Non-vault monster count
 E = Vault monster count
 F = Vault count percentage of total count
                 A         B        C        D         E       F
            +---------+---------+-------+---------+---------+-------
      Total |   15961 |    5458 |  25.5 |     192 |      47 |  19.7
            +---------+---------+-------+---------+---------+-------
        D:1 |      34 |       0 |   0.0 |      19 |       0 |   0.0
        D:2 |     106 |      36 |  25.4 |      16 |       1 |   5.9
        D:3 |     159 |      17 |   9.7 |      16 |       8 |  33.3
        D:4 |     212 |     272 |  56.2 |      19 |       1 |   5.0
        D:5 |     346 |       0 |   0.0 |      12 |       0 |   0.0
        D:6 |     820 |     607 |  42.5 |      16 |       1 |   5.9
        D:7 |    2227 |     385 |  14.7 |      18 |       1 |   5.3
        D:8 |    2635 |    1235 |  31.9 |      37 |       2 |   5.1
        D:9 |    1402 |       0 |   0.0 |      10 |       0 |   0.0
     Lair:1 |    5652 |     891 |  13.6 |      22 |       1 |   4.3
     Lair:2 |    2368 |     816 |  25.6 |       7 |       2 |  22.2
    Ossuary |       0 |    1199 | 100.0 |       0 |      30 | 100.0
            +---------+---------+-------+---------+---------+-------

Illustrated notes

Table legend:
 A = Kills in this place as a percentage of kills in entire the game.
 B = Kills by you in this place as a percentage of kills by you in the entire game.
 C = Kills by friends in this place as a percentage of kills by friends in the entire game.
 D = Other kills in this place as a percentage of other kills in the entire game.
 E = Experience gained in this place as a percentage of experience gained in the entire game.
 F = Experience gained in this place divided by the number of levels of this place that you have seen.
                   A       B       C       D       E      F
               +-------+-------+-------+-------+-------+----------------------
         Total | 100.0 | 100.0 | 100.0 |   N/A | 100.0 | 1784.9
       Dungeon |  74.1 |  73.3 | 100.0 |   N/A |  49.0 | 1165.9
          Lair |  13.4 |  13.8 |   0.0 |   N/A |  45.4 | 4863.5
       Ossuary |  12.6 |  12.9 |   0.0 |   N/A |   5.6 | 1199.0
               +-------+-------+-------+-------+-------+----------------------

Table legend: (Time is in decaauts)
 A = Elapsed time spent in this place.
 B = Non-inter-level travel time spent in this place.
 C = Inter-level travel time spent in this place.
 D = Time resting spent in this place.
 E = Time spent auto-exploring this place.
 F = Levels seen in this place.
 G = Mean time per level.
                   A        B        C        D        E       F      G
               +--------+--------+--------+--------+--------+-----+--------+
         Total |  14513 |  14291 |    222 |   2771 |   9557 |  12 | 1209.4 |
       Dungeon |   9924 |   9745 |    179 |   1490 |   6898 |   9 | 1102.7 |
          Lair |   3422 |   3379 |     43 |    892 |   2204 |   2 | 1711.0 |
       Ossuary |   1166 |   1166 |      0 |    388 |    455 |   1 | 1166.0 |
               +--------+--------+--------+--------+--------+-----+--------+

Top non-repeatable levels by time:
  Lair:1: 2572 daAuts
     D:8: 1474 daAuts
     D:3: 1235 daAuts
 Ossuary: 1166 daAuts
     D:6: 1144 daAuts
     D:7: 1122 daAuts
     D:5: 1079 daAuts
     D:9: 1041 daAuts
     D:4: 1018 daAuts
     D:2: 1008 daAuts
  Lair:2: 849 daAuts
     D:1: 799 daAuts
